 Dungeon Crawl Stone Soup version 0.30.0-29-ga12c61a403 (webtiles) character file.

Game seed: 18081291012565499411

52 comborobin the Covert (level 3, -1/35 HPs)
             Began as a Gnoll Delver on June 6, 2023.
             Succumbed to an orc wizard's poison
             ... on level 4 of the Dungeon.
             The game lasted 00:02:31 (737 turns).

comborobin the Covert (Gnoll Delver)                 Turns: 737, Time: 00:02:32

Health: -1/35      AC:  6    Str: 13    XL:     3   Next: 85%
Magic:  4/4        EV: 18    Int:  9    God:
Gold:   33         SH:  0    Dex: 13    Spells: 4/4 levels left

rFire   . . .        f - +0 flail (venom)
rCold   . . .        (no shield)
rNeg    . . .        b - +0 leather armour
rPois   .            (no helmet)
rElec   .            (no cloak)
rCorr   .            (no gloves)
SInv    .            i - +2 pair of boots
Will    .....        (no amulet)
Stlth   ++++         k - +5 ring of evasion
HPRegen 0.25/turn    (no ring)
MPRegen 0.09/turn

%: no passive effects
@: lethally poisoned (-1 -> -21)
A: fangs 1, strong nose, distributed training
a: no special abilities


You were on level 4 of the Dungeon.
You visited 1 branch of the dungeon, and saw 3 of its levels.

You collected 33 gold pieces.

Inventory:

Hand Weapons
 a - a +0 hand axe
 f - a +0 flail of venom (weapon)
 h - a +6 dagger
Armour
 b - a +0 leather armour (worn)
 i - a +2 pair of boots (worn)
Jewellery
 k - a +5 ring of evasion (left hand)
Wands
 g - a wand of digging (3)
Scrolls
 c - a scroll of fog
 d - a scroll of fear
 e - a scroll of identify {unknown}
 j - a scroll of blinking {unknown}
 l - a scroll of magic mapping
 m - a scroll of immolation {unknown}


   Skills:
 + Level 6.5 Fighting
 + Level 1.0 Short Blades
 + Level 1.0 Long Blades
 + Level 4.6 Axes
 + Level 1.0 Maces & Flails
 + Level 1.0 Polearms
 + Level 1.0 Staves
 + Level 1.0 Ranged Weapons
 + Level 1.0 Throwing
 + Level 1.0 Armour
 + Level 4.6 Dodging
 + Level 9.6 Stealth
 + Level 1.0 Shields
 + Level 1.0 Unarmed Combat
 + Level 1.0 Spellcasting
 + Level 0.7 Conjurations
 + Level 0.7 Hexes
 + Level 0.7 Summonings
 + Level 0.7 Necromancy
 + Level 0.7 Translocations
 + Level 0.7 Transmutations
 + Level 0.7 Fire Magic
 + Level 0.7 Ice Magic
 + Level 0.7 Air Magic
 + Level 0.7 Earth Magic
 + Level 0.7 Poison Magic
 + Level 1.1 Invocations
 + Level 1.0 Evocations


You had 4 spell levels left.
You didn't know any spells.
Your spell library was empty.

Dungeon Overview and Level Annotations

Branches:
Dungeon (6/15)
 Temple: D:4-7

Altars:
Fedhas

Shops:
D:4 :   D:5 (

Annotations:
D:5 exclusions: door and 1 more exclusion, Dowan


Innate Abilities, Weirdness & Mutations

You have very sharp teeth.
Your uncanny sense of smell can sniff out nearby items.
Your experience applies equally to all skills.


Message History

You hear some strange, mumbled words.
You are confused.
You hear a shout!
You bump into the stone wall.
You completely miss something. Something closely misses you.
Something barely misses you.
You bump into the stone wall.
The orc hits you with a +0 flail. Something closely misses you.
You closely miss something. Your bite misses something.
The orc barely misses you. Something misses you.
You barely miss something. The orc barely misses you.
Something hits you but does no damage.
You are poisoned.
You hit the orc.
The orc is poisoned.
The orc is moderately wounded.
You feel less confused.
You feel very sick. The orc hits you but does no damage. Something hits you.
You are more poisoned.
Something hits you.
You are more poisoned.
The orc misses you.
You barely miss something.
You feel extremely sick. The orc completely misses you.
Something barely misses you.
You sock something! Your punch misses something. Your bite misses something.
You feel very sick. The orc barely misses you. Something hits you.
You completely miss something. Your bite misses something.
* * * LOW HITPOINT WARNING * * *
You feel very sick. The orc hits you but does no damage. Something hits you.
* * * LOW HITPOINT WARNING * * *
You are more poisoned.
The orc barely misses you. Something hits you.
* * * LOW HITPOINT WARNING * * *
You are more poisoned.
You aren't carrying any potions.
You closely miss something. Your bite misses something.
You die...

.o.{..# #......###.##
...o## #o.....# ##.###
... ##......# ##..## ..
#.......# ##..## .
#.#.....# ##..##
####'####.## ##..###
+.......+.# ###.##
#.#..)#{# # ###### ##..
#.#._.#@# ##....## ##.
#.#...#o####......## ##
+.......+.#........## ##
####'####...........###.
##...####............#..
#..#...#...............#
#.........(............#
#..##...##.............#
#..##...##.............#


You could see an orc (poisoned).

Vanquished Creatures
  3 gnolls (D:4)
  An adder (D:5)
  A dart slug (D:4)
  An orc (D:4)
  2 endoplasms (D:4)
  A goblin (D:4)
  A hobgoblin (D:4)
  A kobold (D:4)
  A quokka (D:4)
  A ball python (D:4)
13 creatures vanquished.

Notes
Turn   | Place    | Note
-------+----------+-------------------------------------------
     0 | D:5      | Reached skill level 9 in Stealth
     0 | D:5      | comborobin the Gnoll Delver began the quest for the Orb.
     0 | D:5      | Reached XP level 1. HP: 23/23 MP: 1/1
    13 | D:5      | Found Siwiuph's Antique Weapon Boutique.
   186 | D:6      | Noticed an iguana
   301 | D:5      | Reached XP level 2. HP: 29/29 MP: 2/2
   308 | D:5      | Noticed Dowan
   410 | D:5      | Noticed a water moccasin
   504 | D:4      | Reached XP level 3. HP: 26/35 MP: 2/4
   516 | D:4      | Reached skill level 1 in Invocations
   569 | D:4      | Reached skill level 1 in Short Blades
   569 | D:4      | Reached skill level 1 in Long Blades
   569 | D:4      | Reached skill level 1 in Maces & Flails
   569 | D:4      | Reached skill level 1 in Polearms
   569 | D:4      | Reached skill level 1 in Staves
   569 | D:4      | Reached skill level 1 in Ranged Weapons
   569 | D:4      | Reached skill level 1 in Throwing
   569 | D:4      | Reached skill level 1 in Armour
   569 | D:4      | Reached skill level 1 in Shields
   569 | D:4      | Reached skill level 1 in Unarmed Combat
   569 | D:4      | Reached skill level 1 in Spellcasting
   569 | D:4      | Reached skill level 1 in Evocations
   628 | D:4      | Found Kenost's Tremendous Tomes.
   651 | D:4      | Found a blossoming altar of Fedhas.
   737 | D:4      | Succumbed to an orc wizard's poison

Illustrated notes

Levels and vault maps discovered:
D:4:      layout_cave_pods, mainiacjoe_overflow_six_doors_small,
          nicolae_shop_i_like_big_books, uniq_edmund, uniq_blork_the_orc
D:5:      layout_loops_corners, serial_shops, shop, minmay_misc_feat_hallway,
          uniq_duvessa, uniq_menkaure
D:6:      layout_rooms, minmay_pentangle

Skill      XL: |  1  2  3 |
---------------+----------+-----
Stealth        | |  9.6
Invocations    | 1 |  1.1
Short Blades   | 1 |  1.0
Long Blades    | 1 |  1.0
Maces & Flails | 1 |  1.0
Polearms       | 1 |  1.0
Staves         | 1 |  1.0
Ranged Weapons | 1 |  1.0
Throwing       | 1 |  1.0
Armour         | 1 |  1.0
Shields        | 1 |  1.0
Unarmed Combat | 1 |  1.0
Spellcasting   | 1 |  1.0
Evocations     | 1 |  1.0
Fighting       | |  6.5
Axes           | |  4.6
Dodging        | |  4.6
Conjurations   | |  0.7
Hexes          | |  0.7
Summonings     | |  0.7
Necromancy     | |  0.7
Translocations | |  0.7
Transmutations | |  0.7
Fire Magic     | |  0.7
Ice Magic      | |  0.7
Air Magic      | |  0.7
Earth Magic    | |  0.7
Poison Magic   | |  0.7

Action                     || total
---------------------------++-------
  Melee: Hand axe          ||    41
         Bite              ||     4
         Punch             ||     2
         Dagger            ||    17
         Flail             ||     8
    Use: Scroll            ||     2
         Potion            ||     2
   Stab: Sleeping          ||     5
         Invisible         ||     6
 Armour: Leather armour    ||     8
  Dodge: Dodged            ||    62
